 Dungeon Crawl Stone Soup version 0.30-a0-54-g2e61a25929 (webtiles) character file.

Game seed: 3087736066118727087

2 kae the Firebug (level 1, 0/14 HPs)
             Began as a Demigod Fire Elementalist on Sept 7, 2022.
             Slain by a jackal (1 damage)
             ... on level 1 of the Dungeon.
             The game lasted 00:00:09 (83 turns).

kae the Firebug (Demigod Fire Elementalist)           Turns: 83, Time: 00:00:10

Health: 0/14       AC:  2    Str:  9    XL:     1   Next: 20%
Magic:  4/5        EV: 12    Int: 17    God:
Gold:   12         SH:  0    Dex: 14    Spells: 2/3 levels left

rFire   . . .      SeeInvis .    (no weapon)
rCold   . . .      Faith    .    (no shield)
rNeg    . . .      Spirit   .    a - +0 robe
rPois   .          Reflect  .    (no helmet)
rElec   .          Harm     .    (no cloak)
rCorr   .          Rampage  .    (no gloves)
Will    .....                    (no boots)
Stlth   ++........               (no amulet)
HPRegen 0.04/turn                (no ring)
MPRegen 0.09/turn                (no ring)

@: no status effects
A: high MP 1, forlorn, divine attributes
a: no special abilities


You were on level 1 of the Dungeon.
You visited 1 branch of the dungeon, and saw 1 of its levels.

You collected 12 gold pieces.


Innate Abilities, Weirdness & Mutations

You have an increased reservoir of magic. (+10% MP)
You shall have no god before yourself.
Your divine heritage dramatically boosts your attributes as you level up.


   Skills:
 - Level 1.7 Dodging
 - Level 1.7 Stealth
 + Level 1.8 Spellcasting
 * Level 1.0 Conjurations
 * Level 2.7 Fire Magic


You had 2 spell levels left.
You knew the following spells:

 Your Spells              Type           Power      Damage    Failure   Level
a - Foxfire               Conj/Fire      28%        2x1d5     9%          1

Your spell library contained the following spells:

 Spells                   Type           Power      Damage    Failure   Level
 Scorch                   Fire           20%        2d6       10%         2
 Conjure Flame            Conj/Fire      7%         6-21      26%         3
 Inner Flame              Hex/Fire       6%         N/A       34%         3
 Flame Wave               Conj/Fire      7%         2d5       65%         4

Inventory:

Armour
 a - a +0 robe (worn)
Potions
 b - 2 potions of magic

Dungeon Overview and Level Annotations

Branches:
Dungeon (1/15) Zot: 5916

.. .# . #.# .##...
.... ...# #w.#
#vh##.### #@h......
#h###+### #.##...##
#.#.....########
#...............
................###+
.........♣....'##
..####.......##.# .
##....###..#


You could see a dart slug (ally target) and 3 jackals.


Message History

You open the door.
There is an open door here.
There is an open door here.
There is an open door here.
You now have 12 gold pieces.
You open the door.
There is an open door here.
b - 3 potions of magic (gained 2) 2 jackals come into view.
The jackal barks!
You hear a bark!
There are monsters nearby!
There are monsters nearby!
A jackal comes into view.
Casting: Foxfire (safe; 10% risk of failure)
Confirm with . or Enter, or press ? or * to list all spells.
You conjure some foxfire!
The jackal barely misses you.
The foxfire hits the jackal.
The foxfire hits the jackal but does no damage.
The jackal misses you. 😎 MP[-1]
You lost 1 mp, and now have 4/5 mp.
Casting: Foxfire (safe; 10% risk of failure)
Confirm with . or Enter, or press ? or * to list all spells.
You conjure some foxfire!
The jackal barely misses you.
The foxfire hits the jackal. x2; The jackal bites you.
A rat comes into view. 😕 HP[-1] MP[-1]
You take 1 damage, and now have 13/14 hp.
You lost 1 mp, and now have 3/5 mp.
Unknown command.
Casting: Foxfire (safe; 10% risk of failure)
Confirm with . or Enter, or press ? or * to list all spells.
You conjure some foxfire!
The jackal misses you. The jackal bites you. The jackal closely misses you. x2
The foxfire hits the jackal but does no damage.
The foxfire hits the jackal.
You kill the jackal!
The jackal completely misses you.
Your Conjurations skill increases to level 1! 😕 HP[-2] MP[-1]
You take 2 damage, and now have 11/14 hp.
You lost 1 mp, and now have 2/5 mp.
Casting: Foxfire (safe; 10% risk of failure)
Confirm with . or Enter, or press ? or * to list all spells.
You conjure some foxfire!
The jackal misses you.
The foxfire hits the rat.
You kill the rat!
The foxfire hits the jackal.
The jackal barely misses you.
A jackal comes into view.
The jackal closely misses you. 😕 MP[-1]
You lost 1 mp, and now have 1/5 mp.
Unknown command.
Casting: Foxfire (safe; 9% risk of failure)
Confirm with . or Enter, or press ? or * to list all spells.
You conjure some foxfire!
The jackal barks!
The jackal bites you.
The foxfire hits the jackal but does no damage.
The foxfire hits the jackal.
The jackal closely misses you. x2 😮 HP[-1] MP[-1]
You take 1 damage, and now have 10/14 hp.
You lost 1 mp, and now have 0/5 mp.
You hit the jackal. The jackal barely misses you.
The jackal bites you but does no damage.
The jackal barely misses you.
You hit the jackal. The jackal barely misses you.
The jackal bites you but does no damage. x2 😮 MP[+1]
You closely miss the jackal. The jackal completely misses you.
The jackal closely misses you. The jackal barely misses you.
The jackal closely misses you. The jackal misses you. The jackal bites you.
* * * LOW HITPOINT WARNING * * *
😨 HP[-3]
You take 3 damage, and now have 7/14 hp.
MASSIVE DAMAGE!! (PAUSE)
You barely miss the jackal. The jackal barely misses you.
The jackal closely misses you. The jackal barely misses you.
A dart slug comes into view.
You closely miss the jackal. The jackal misses you. x2
The jackal barely misses you. x2; The jackal bites you.
* * * LOW HITPOINT WARNING * * *
The jackal misses you. 😨 HP[-1]
You take 1 damage, and now have 6/14 hp.
You closely miss the jackal.
The jackal bites you but does no damage.
The jackal barely misses you. x2
Magic courses through your body. The jackal barely misses you.
The jackal bites you.
* * * LOW HITPOINT WARNING * * *
The jackal bites you.
* * * LOW HITPOINT WARNING * * *
😱 HP[-5] MP[+4]
You take 5 damage, and now have 1/14 hp.
MASSIVE DAMAGE!! (PAUSE)
Your mp is fully restored (5).
Casting: Foxfire (safe; 9% risk of failure)
Confirm with . or Enter, or press ? or * to list all spells.
You conjure some foxfire!
The jackal bites you.
You die...

Skill      XL: |  1 |
---------------+----+-----
Conjurations   | 1 |  1.0
Dodging        | |  1.7
Stealth        | |  1.7
Spellcasting   | |  1.8
Fire Magic     | |  2.7

Action                   || total
-------------------------++-------
Melee: Unarmed           ||     6
 Cast: Foxfire           ||     6
  Use: Potion            ||     1
Armor: Robe              ||     4
Dodge: Dodged            ||    31

Levels and vault maps discovered:
D:1:      nicolae_arrival_somewhat_less_tricky_arrival, layout_loops_corners,
          shapermc_ecumenical_altar_starsandcircs

Notes
Turn   | Place    | Note
-------+----------+-------------------------------------------
     0 | D:1      | kae the Demigod Fire Elementalist began the quest for the
                  | Orb.
     0 | D:1      | Reached XP level 1. HP: 14/14 MP: 5/5
     0 | D:1      | magus.rc [v1.11.3]
    72 | D:1      | Reached skill level 1 in Conjurations
    82 | D:1      | HP: 1/14 [jackal (3)]
    83 | D:1      | Slain by a jackal

Vanquished Creatures
  A jackal (D:1)
  A rat (D:1)
2 creatures vanquished.

Vanquished Creatures (others)
  8 foxfires (D:1)
8 creatures vanquished.

Grand Total: 10 creatures vanquished

Table legend:
 A = Non-vault XP
 B = Vault XP
 C = Vault XP percentage of total XP
 D = Non-vault monster count
 E = Vault monster count
 F = Vault count percentage of total count
                 A         B        C        D         E       F
            +---------+---------+-------+---------+---------+-------
      Total |       3 |       0 |   0.0 |       2 |       0 |   0.0
            +---------+---------+-------+---------+---------+-------
        D:1 |       3 |       0 |   0.0 |       2 |       0 |   0.0
            +---------+---------+-------+---------+---------+-------

Illustrated notes

Table legend:
 A = Kills in this place as a percentage of kills in entire the game.
 B = Kills by you in this place as a percentage of kills by you in the entire game.
 C = Kills by friends in this place as a percentage of kills by friends in the entire game.
 D = Other kills in this place as a percentage of other kills in the entire game.
 E = Experience gained in this place as a percentage of experience gained in the entire game.
 F = Experience gained in this place divided by the number of levels of this place that you have seen.
                   A       B       C       D       E      F
               +-------+-------+-------+-------+-------+----------------------
         Total | 100.0 | 100.0 |   N/A |   N/A | 100.0 |   3.0
       Dungeon | 100.0 | 100.0 |   N/A |   N/A | 100.0 |   3.0
               +-------+-------+-------+-------+-------+----------------------

Table legend: (Time is in decaauts)
 A = Elapsed time spent in this place.
 B = Non-inter-level travel time spent in this place.
 C = Inter-level travel time spent in this place.
 D = Time resting spent in this place.
 E = Time spent auto-exploring this place.
 F = Levels seen in this place.
 G = Mean time per level.
                   A        B        C        D        E       F      G
               +--------+--------+--------+--------+--------+-----+--------+
         Total |     83 |     83 |      0 |      0 |     64 |   1 |   83.0 |
       Dungeon |     83 |     83 |      0 |      0 |     64 |   1 |   83.0 |
               +--------+--------+--------+--------+--------+-----+--------+

Top non-repeatable levels by time:
     D:1: 83 daAuts
